| TOP OF THE 1ST |
|
Fresno Grizzlies batting - Pitching for Lodi Crushers : RHP Dale Brown
|
|
Pitching: RHP Dale Brown
|
|
|
Batting: RHB Mike Jirschele
|
0-0: Ball 1-0: Ball 2-0: Foul Ball, location: 2F 2-1: Ground out 1-3 (Groundball, 15S, EV 76.3 MPH)
|
|
Batting: LHB Roger Hill
|
0-0: Ball 1-0: Called Strike 1-1: Foul Ball, location: 2F 1-2: Foul Ball, location: 2F 1-2: SINGLE (Groundball, 4S, EV 67.5 MPH) (infield hit)
|
|
Batting: RHB Chris Fernandez
|
0-0: Fly out, F9 (Flyball, 9, EV 86.3 MPH)
|
|
Batting: LHB Ron Oddo
|
0-0: Swinging Strike 0-1: Ball 1-1: SINGLE (Line Drive, 6MD, EV 103.8 MPH) Roger Hill to second
|
|
Batting: RHB Tom Johnson
|
0-0: Swinging Strike 0-1: Foul Ball, location: 2F 0-2: Ball 1-2: Ball 2-2: Ball 3-2: Strikes out swinging
|
| Top of the 1st over - 0 runs, 2 hits, 0 errors, 2 left on base; Fresno 0 - Lodi 0 |
| BOTTOM OF THE 1ST |
|
Lodi Crushers batting - Pitching for Fresno Grizzlies : RHP Kevin Teate
|
|
Pitching: RHP Kevin Teate
|
|
|
Batting: LHB Adrian Zepeda
|
0-0: Fly out, F8 (Flyball, 8LD, EV 85.6 MPH)
|
|
Batting: LHB Francisco Jabalera
|
0-0: Swinging Strike 0-1: Swinging Strike 0-2: Strikes out swinging
|
|
Batting: RHB Carmelo Martinez
|
0-0: Ball 1-0: Foul Ball, location: 2F 1-1: Ball 2-1: Fly out, F8 (Flyball, 8RS, EV 91.9 MPH)
|
| Bottom of the 1st over - 0 runs, 0 hits, 0 errors, 0 left on base; Fresno 0 - Lodi 0 |
| TOP OF THE 2ND |
|
Fresno Grizzlies batting - Pitching for Lodi Crushers : RHP Dale Brown
|
|
Batting: LHB Russ Aldrich
|
0-0: Called Strike 0-1: Foul Ball, location: 2F 0-2: Fly out, F8 (Flyball, 78S, EV 97.5 MPH)
|
|
Batting: LHB Jose Rivera
|
0-0: Ball 1-0: Swinging Strike 1-1: Ball 2-1: Swinging Strike 2-2: Ground out 4-3 (Groundball, 4, EV 91.3 MPH)
|
|
Batting: RHB Ivan Mesa
|
0-0: Ball 1-0: Ball 2-0: SINGLE (Groundball, 4M, EV 101.9 MPH) (infield hit)
|
|
Batting: RHB Emilio Carrasquel
|
0-0: Called Strike 0-1: Ball 1-1: Fly out, F6 (Popup, 6M, EV 61.3 MPH)
|
| Top of the 2nd over - 0 runs, 1 hit, 0 errors, 1 left on base; Fresno 0 - Lodi 0 |
| BOTTOM OF THE 2ND |
|
Lodi Crushers batting - Pitching for Fresno Grizzlies : RHP Kevin Teate
|
|
Batting: RHB Ron Karkovice
|
0-0: Fly out, F3 (Popup, 3F, EV 63.1 MPH)
|
|
Batting: LHB Jeff Reed
|
0-0: Ball 1-0: Ball 2-0: Ball 3-0: Called Strike 3-1: Swinging Strike 3-2: Foul Ball, location: 2F 3-2: Foul Ball, location: 2F 3-2: Base on Balls
|
|
Batting: RHB Steve Aragon
|
0-0: Ball Wild Pitch! Jeff Reed to second 1-0: Foul Ball, location: 2F 1-1: Fly out, F3 (Flyball, 3D, EV 71.3 MPH)
|
|
Batting: RHB Chris Baker
|
0-0: SINGLE (Flyball, 34D, EV 98.1 MPH) Jeff Reed to third Runner from 3rd tries for Home, SAFE, throw by RF to home
|
|
Batting: SHB Leon Baham
|
0-0: Called Strike 0-1: Called Strike 0-2: Ball 1-2: Strikes out swinging
|
| Bottom of the 2nd over - 1 run, 1 hit, 0 errors, 1 left on base; Fresno 0 - Lodi 1 |
| TOP OF THE 3RD |
|
Fresno Grizzlies batting - Pitching for Lodi Crushers : RHP Dale Brown
|
|
Batting: RHB Mike Jirschele
|
0-0: Foul Ball, location: 2F 0-1: Foul Ball, location: 2F 0-2: Ball 1-2: Ground out 5-3 (Groundball, 56S, EV 89.4 MPH)
|
|
Batting: LHB Roger Hill
|
0-0: Ground out 4-3 (Groundball, 4, EV 100.0 MPH)
|
|
Batting: RHB Chris Fernandez
|
0-0: DOUBLE (Line Drive, 7LM, EV 106.3 MPH)
|
|
Batting: LHB Ron Oddo
|
0-0: Ball 1-0: Called Strike 1-1: Foul Ball, location: 2F 1-2: Foul Ball, location: 2F 1-2: SINGLE (Line Drive, 4MD, EV 101.9 MPH) Chris Fernandez to third Runner from 3rd tries for Home, SAFE, throw by CF to home
|
|
Batting: RHB Tom Johnson
|
0-0: Foul Ball, location: 2F 0-1: Called Strike 0-2: Foul Ball, location: 2F 0-2: Ball 1-2: Ball 2-2: Ground out 4-3 (Groundball, 4, EV 85.0 MPH)
|
| Top of the 3rd over - 1 run, 2 hits, 0 errors, 1 left on base; Fresno 1 - Lodi 1 |
| BOTTOM OF THE 3RD |
|
Lodi Crushers batting - Pitching for Fresno Grizzlies : RHP Kevin Teate
|
|
Batting: RHB Kerry Baker
|
0-0: Ball 1-0: Fly out, F7 (Flyball, 7LS, EV 90.0 MPH)
|
|
Batting: LHB Adrian Zepeda
|
0-0: Ball 1-0: Called Strike 1-1: Ball 2-1: Ball 3-1: Foul Ball, location: 2F 3-2: Ground out 6-3 (Groundball, 6, EV 108.1 MPH)
|
|
Batting: LHB Francisco Jabalera
|
0-0: Called Strike 0-1: Ball 1-1: Ball 2-1: Ground out U3 (Groundball, 13, EV 77.5 MPH)
|
| Bottom of the 3rd over - 0 runs, 0 hits, 0 errors, 0 left on base; Fresno 1 - Lodi 1 |
| TOP OF THE 4TH |
|
Fresno Grizzlies batting - Pitching for Lodi Crushers : RHP Dale Brown
|
|
Batting: LHB Russ Aldrich
|
0-0: Swinging Strike 0-1: Ball 1-1: Foul Ball, location: 2F 1-2: Ball 2-2: Strikes out swinging
|
|
Batting: LHB Jose Rivera
|
0-0: Ball 1-0: Ground out 4-3 (Groundball, 34, EV 109.4 MPH)
|
|
Batting: RHB Ivan Mesa
|
0-0: Foul Ball, location: 2F 0-1: Foul Ball, location: 2F 0-2: Ball 1-2: Fly out, F6 (Line Drive, 6, EV 70.6 MPH)
|
| Top of the 4th over - 0 runs, 0 hits, 0 errors, 0 left on base; Fresno 1 - Lodi 1 |
| BOTTOM OF THE 4TH |
|
Lodi Crushers batting - Pitching for Fresno Grizzlies : RHP Kevin Teate
|
|
Batting: RHB Carmelo Martinez
|
0-0: Called Strike 0-1: Foul Ball, location: 2F 0-2: Ball 1-2: DOUBLE (Flyball, 7LD, EV 103.8 MPH)
|
|
Batting: RHB Ron Karkovice
|
0-0: Ball 1-0: Called Strike 1-1: Called Strike 1-2: SINGLE (Line Drive, 8LS, EV 93.8 MPH) Carmelo Martinez to third
|
|
Batting: LHB Jeff Reed
|
0-0: Ball 1-0: Ball 2-0: Fly out, F9 (Flyball, 89D, EV 102.5 MPH) Runner from 3rd tags up, SCORES, no throw by RF
|
|
Batting: RHB Steve Aragon
|
0-0: Foul Ball, location: 2F 0-1: Ball 1-1: Ball 2-1: Foul Ball, location: 2F 2-2: Ball 3-2: Base on Balls Ron Karkovice to second
|
|
Batting: RHB Chris Baker
|
0-0: Called Strike 0-1: Fly out, F7 (Flyball, 7LS, EV 93.1 MPH)
|
|
Batting: SHB Leon Baham
|
0-0: Ball 1-0: Swinging Strike 1-1: Foul Ball, location: 2F 1-2: Ball 2-2: SINGLE (Groundball, 34D, EV 94.4 MPH) Ron Karkovice to third Steve Aragon to second Runner from 3rd tries for Home, SAFE, throw by RF to home Steve Aragon to third Leon Baham to second
|
|
Batting: RHB Kerry Baker
|
0-0: Ball 1-0: Foul Ball, location: 2F 1-1: Ball 2-1: Called Strike 2-2: Fly out, F9 (Flyball, 9LS, EV 92.5 MPH)
|
| Bottom of the 4th over - 2 runs, 3 hits, 0 errors, 2 left on base; Fresno 1 - Lodi 3 |
| TOP OF THE 5TH |
|
Fresno Grizzlies batting - Pitching for Lodi Crushers : RHP Dale Brown
|
|
Batting: RHB Emilio Carrasquel
|
0-0: Called Strike 0-1: Ball 1-1: Called Strike 1-2: Ball 2-2: Ball 3-2: Strikes out looking
|
|
Batting: RHB Mike Jirschele
|
0-0: Ball 1-0: Ground out 6-3 (Groundball, 6, EV 81.9 MPH)
|
|
Batting: LHB Roger Hill
|
0-0: Called Strike 0-1: Ball 1-1: Ball 2-1: Foul Ball, location: 2F 2-2: Ground out 6-3 (Groundball, 6M, EV 95.6 MPH)
|
| Top of the 5th over - 0 runs, 0 hits, 0 errors, 0 left on base; Fresno 1 - Lodi 3 |
| BOTTOM OF THE 5TH |
|
Lodi Crushers batting - Pitching for Fresno Grizzlies : RHP Kevin Teate
|
|
Batting: LHB Adrian Zepeda
|
0-0: Ball 1-0: Called Strike 1-1: Ball 2-1: Foul Ball, location: 2F 2-2: Ball 3-2: Fly out, F7 (Flyball, 7LS, EV 90.6 MPH)
|
|
Batting: LHB Francisco Jabalera
|
0-0: Ball 1-0: Ball 2-0: Called Strike 2-1: Foul Ball, location: 2F 2-2: Ball 3-2: Base on Balls
|
|
Batting: RHB Carmelo Martinez
|
0-0: Foul Ball, location: 2F 0-1: Foul Ball, location: 2F 0-2: Ball 1-2: Ball 2-2: Foul Ball, location: 2F 2-2: Ball 3-2: Fly out, F8 (Flyball, 8RD, EV 108.8 MPH)
|
|
Batting: RHB Ron Karkovice
|
0-0: Ball 1-0: Ball 2-0: Ball 3-0: Called Strike 3-1: Foul Ball, location: 2F 3-2: Base on Balls Francisco Jabalera to second
|
|
Pitching: RHP James Coffman
|
|
|
Batting: LHB Jeff Reed
|
0-0: Foul Ball, location: 2F 0-1: Ball 1-1: SINGLE (Line Drive, 5D, EV 103.1 MPH) Francisco Jabalera to third Ron Karkovice to second Runner from 3rd tries for Home, SAFE, throw by LF to home
|
|
Batting: RHB Steve Aragon
|
0-0: Ball 1-0: Ball 2-0: Fly out, F9 (Flyball, 9, EV 88.1 MPH)
|
| Bottom of the 5th over - 1 run, 1 hit, 0 errors, 2 left on base; Fresno 1 - Lodi 4 |
| TOP OF THE 6TH |
|
Fresno Grizzlies batting - Pitching for Lodi Crushers : RHP Dale Brown
|
|
Batting: RHB Chris Fernandez
|
0-0: Ball 1-0: Ball 2-0: Foul Ball, location: 2F 2-1: Foul Ball, location: 2F 2-2: Foul Ball, location: 2F 2-2: Ground out 6-3 (Groundball, 6D, EV 108.8 MPH)
|
|
Batting: LHB Ron Oddo
|
0-0: Called Strike 0-1: Called Strike 0-2: Ball 1-2: Ball 2-2: Ground out U3 (Groundball, 34, EV 106.3 MPH)
|
|
Batting: RHB Tom Johnson
|
0-0: Ball 1-0: Ball 2-0: Fly out, F8 (Flyball, 8LD, EV 101.9 MPH)
|
| Top of the 6th over - 0 runs, 0 hits, 0 errors, 0 left on base; Fresno 1 - Lodi 4 |
| BOTTOM OF THE 6TH |
|
Lodi Crushers batting - Pitching for Fresno Grizzlies : RHP James Coffman
|
|
Batting: RHB Chris Baker
|
0-0: Fly out, F6 (Line Drive, 6, EV 73.8 MPH)
|
|
Batting: SHB Leon Baham
|
0-0: Ball 1-0: Ball 2-0: Ball 3-0: Called Strike 3-1: Fly out, F7 (Flyball, 7S, EV 89.4 MPH)
|
|
Batting: RHB Kerry Baker
|
0-0: Called Strike 0-1: Foul Ball, location: 2F 0-2: Ball 1-2: Ball 2-2: Fly out, F2 (Popup, 2R, EV 92.5 MPH)
|
| Bottom of the 6th over - 0 runs, 0 hits, 0 errors, 0 left on base; Fresno 1 - Lodi 4 |
| TOP OF THE 7TH |
|
Fresno Grizzlies batting - Pitching for Lodi Crushers : RHP Dale Brown
|
|
Batting: LHB Russ Aldrich
|
0-0: Ball 1-0: Ground out 3-1 (Groundball, 34, EV 101.9 MPH)
|
|
Batting: LHB Jose Rivera
|
0-0: Called Strike 0-1: Ball 1-1: Foul Ball, location: 2F 1-2: Fly out, F8 (Flyball, 78S, EV 88.8 MPH)
|
|
Batting: RHB Ivan Mesa
|
0-0: Foul Ball, location: 2F 0-1: Ball 1-1: Reached on error, E4 (Groundball, 4, EV 86.3 MPH)
|
|
Pitching: RHP Dennis Howard
|
|
|
Batting: RHB Emilio Carrasquel
|
0-0: Swinging Strike 0-1: Ball 1-1: Ball 2-1: DOUBLE (Line Drive, 5D, EV 98.1 MPH) Ivan Mesa scores
|
|
Batting: RHB Mike Jirschele
|
0-0: Swinging Strike 0-1: Called Strike 0-2: Foul Ball, location: 2F 0-2: Foul Ball, location: 2F 0-2: Ball 1-2: Strikes out swinging
|
| Top of the 7th over - 1 run, 1 hit, 1 error, 1 left on base; Fresno 2 - Lodi 4 |
| BOTTOM OF THE 7TH |
|
Lodi Crushers batting - Pitching for Fresno Grizzlies : RHP James Coffman
|
|
Batting: LHB Adrian Zepeda
|
0-0: Ball 1-0: Ball 2-0: Ball 3-0: Base on Balls
|
|
Pitching: LHP Steven King
|
|
|
Batting: LHB Francisco Jabalera
|
0-0: Bunted foul 0-1: Bunted foul 0-2: Reached on error, E6 (Groundball, 6, EV 108.8 MPH) Adrian Zepeda to second
|
|
Batting: RHB Carmelo Martinez
|
0-0: Fly out, F4 (Popup, 4, EV 75.0 MPH)
|
|
Batting: RHB Ron Karkovice
|
0-0: Called Strike 0-1: Swinging Strike 0-2: Ball 1-2: Ball 2-2: Strikes out looking
|
|
Batting: LHB Jeff Reed
|
0-0: Called Strike 0-1: Called Strike 0-2: Fly out, F7 (Flyball, 78D, EV 91.3 MPH)
|
| Bottom of the 7th over - 0 runs, 0 hits, 1 error, 2 left on base; Fresno 2 - Lodi 4 |
| TOP OF THE 8TH |
|
Fresno Grizzlies batting - Pitching for Lodi Crushers : RHP Dennis Howard
|
|
Batting: LHB Roger Hill
|
0-0: SINGLE (Groundball, 4S, EV 70.6 MPH) (infield hit)
|
|
Batting: RHB Chris Fernandez
|
0-0: Called Strike 0-1: Ball 1-1: Swinging Strike 1-2: Ball 2-2: Ball 3-2: Strikes out looking Roger Hill steals 2nd base Batter strikes out.
|
|
Batting: LHB Ron Oddo
|
0-0: Ball 1-0: Ball 2-0: Foul Ball, location: 2F 2-1: Ball 3-1: Base on Balls
|
|
Pitching: LHP John Franco
|
|
|
Batting: RHB Tom Johnson
|
0-0: Fly out, F4 (Popup, 4, EV 62.5 MPH)
|
|
Batting: LHB Russ Aldrich
|
0-0: Ball 1-0: Ball Passed Ball! Roger Hill to third Ron Oddo to second 2-0: Called Strike 2-1: Fly out, F7 (Line Drive, 7, EV 95.6 MPH)
|
| Top of the 8th over - 0 runs, 1 hit, 0 errors, 2 left on base; Fresno 2 - Lodi 4 |
| BOTTOM OF THE 8TH |
|
Lodi Crushers batting - Pitching for Fresno Grizzlies : LHP Steven King
|
|
Batting: RHB Steve Aragon
|
0-0: Ball 1-0: Called Strike 1-1: Swinging Strike 1-2: Strikes out looking
|
|
Batting: RHB Chris Baker
|
0-0: Fly out, F7 (Flyball, 78M, EV 81.3 MPH)
|
|
Batting: SHB Leon Baham
|
0-0: Ball 1-0: Called Strike 1-1: Ball 2-1: Foul Ball, location: 2F 2-2: Ground out 6-3 (Groundball, 6, EV 83.1 MPH)
|
| Bottom of the 8th over - 0 runs, 0 hits, 0 errors, 0 left on base; Fresno 2 - Lodi 4 |
| TOP OF THE 9TH |
|
Fresno Grizzlies batting - Pitching for Lodi Crushers : LHP John Franco
|
|
Batting: LHB Jose Rivera
|
0-0: DOUBLE (Line Drive, 78D, EV 106.9 MPH)
|
|
Batting: RHB Ivan Mesa
|
0-0: Ball 1-0: Ball 2-0: Fly out, F7 (Flyball, 7, EV 86.9 MPH)
|
|
Batting: RHB Emilio Carrasquel
|
0-0: Fly out, F7 (Flyball, 7S, EV 93.1 MPH)
|
|
Batting: RHB Mike Jirschele
|
0-0: Called Strike 0-1: Swinging Strike 0-2: Ball 1-2: Strikes out swinging
|
| Top of the 9th over - 0 runs, 1 hit, 0 errors, 1 left on base; Fresno 2 - Lodi 4 |
|